[Event "Early-Titled-Tuesday-Blitz-May-14-2024"]
[Site "Chess.com"]
[Date "2024.05.14"]
[Round "6"]
[White "chessburger_tv"]
[Black "Gangster-accountant01"]
[Result "1-0"]
[WhiteElo "2402"]
[BlackElo "2544"]
[TimeControl "180+1"]
[EndTime "9:09:50 PDT"]
[Termination "chessburger_tv won by resignation"]

1. b3 d5 2. Bb2 Bf5 3. e3 Nf6 4. Nf3 e6 5. g3 c5 6. Bg2 Nc6 7. O-O h5 8. c4 Be7 9. cxd5 exd5 10. d4 cxd4 11. Nxd4 Nxd4 12. Qxd4 O-O 13. Nc3 Be6 14. Rfd1 Bg4 15. Rd2 Be6 16. Nxd5 Bxd5 17. Bxd5 Qb6 18. Qxb6 axb6 19. Bxb7 Ra7 20. Bf3 g6 21. a4 Rc8 22. Rc1 Rac7 23. Rxc7 Rxc7 24. Bd4 Nd7 25. h4 Bf6 26. Bxf6 Nxf6 27. Rd6 Nd7 28. Bd5 Kf8 29. Bc6 Ne5 30. Bb5 Rc1+ 31. Kg2 Rc2 32. Rxb6 Ng4 33. a5 Rxf2+ 34. Kg1 Ra2 35. a6 Ra1+ 36. Kg2 Nxe3+ 37. Kf3 Nf5 38. Bc4 Kg7 39. Rb4 Nd6 40. Bd3 Nc8 41. Rb7 Ra3 42. Ke2 Kf6 43. Kd2 Nd6 44. Rb6 Ke5 45. Kc3 Kd5 46.
Kb2 Ra5 47. Kc3 Kc5 48. Rb8 Kc6 49. b4 Ra1 50. Kb2 Kc7 51. Kxa1 Kxb8 52. Kb2 Ka7 53.
Kc3 f5 54. Kd4 Nf7 55. Kd5 g5 56. hxg5 Nxg5 57. Bxf5 Kxa6 58. Kc6 Nf7 59. b5+ Ka7 60. Kc7 Ne5 61. b6+ Ka6 62. b7 Nd7 63. Bxd7 1-0

[Event "Early-Titled-Tuesday-Blitz-May-14-2024"]
[Site "Chess.com"]
[Date "2024.05.14"]
[Round "6"]
[White "bubeliang"]
[Black "CristhianPortalR"]
[Result "1-0"]
[WhiteElo "2833"]
[BlackElo "2545"]
[TimeControl "180+1"]
[EndTime "9:09:53 PDT"]
[Termination "bubeliang won on time"]

1. e4 c5 2. c3 Nf6 3. e5 Nd5 4. Nf3 Nc6 5. Bc4 Nb6 6. Bb3 e6 7. d4 cxd4 8. cxd4 d6 9. O-O dxe5 10. dxe5 Be7 11. Nc3 O-O 12. Qe2 Nd4 13. Nxd4 Qxd4 14. Rd1 Qh4 15. g3 Qh3 16. Ne4 Bd7 17. f3 Bc6 18. Bf4 Rad8 19. Nd6 Qh5 20. Rd3 Bxd6 21. exd6 Bb5 22. Rad1 Nd7 23. Qe3 Bxd3 24. Rxd3 Rc8 25.
Kg2 e5 26. Bg5 Nc5 27. d7 Nxd3 28.
Qxd3 Qxg5 29. dxc8=Q Rxc8 30. Bxf7+ Kh8 31. Bb3 Rd8 32.
Qe4 Qd2+ 33. Kh3 Qd7+ 34. Kg2 Qc7 35. Qf5 Rd2+ 36. Kh3 Qd7 37. Be6 Qe7 38. Bc4 Rd8 39. b3 Rf8 40. Qe4 a6 41. Bd3 g6 42. Bc4 Kg7 43. Bd5 b5 44. Kg2 Rd8 45. b4 Qd6 46.
Bb3 Qd2+ 47. Kg1 Qc1+ 48. Kg2 Rd2+ 49. Kh3 Qc8+ 50. g4 Qc7 51. Kg3 Rd8 52. h4 Rd4 53. Qa8 e4+ 54. Kh3 Rd8 55. Qxe4 Qd6 56. Qb7+ Rd7 57.
Qa8 Qf8 58. Qc6 1-0

[Event "Early-Titled-Tuesday-Blitz-May-14-2024"]
[Site "Chess.com"]
[Date "2024.05.14"]
[Round "6"]
[White "Likvidator228"]
[Black "cukus"]
[Result "1-0"]
[WhiteElo "2542"]
[BlackElo "2375"]
[TimeControl "180+1"]
[EndTime "9:09:57 PDT"]
[Termination "Likvidator228 won by checkmate"]

1. d4 Nf6 2. Nf3 g6 3. Bf4 Bg7 4. e3 O-O 5. h3 c5 6. c3 d6 7.
Nbd2 Qc7 8. Bc4 Nc6 9. O-O Na5 10. Be2 cxd4 11. cxd4 b6 12. Rc1 Qd7 13. b4 Nc6 14. Bb5 Bb7 15. Qa4 Rac8 16. e4 a6 17. Bxa6 Bxa6 18. Qxa6 Nxb4 19. Qxb6 Nxa2 20. Ra1 Nc3 21. Ra7 Qd8 22. Qxd8 Rfxd8 23. Rxe7 Bf8 24. Bxd6 Rxd6 25.
Re5 Re6 26. Rxe6 fxe6 27. Ra1 Nfxe4 28. Nxe4 Nxe4 29. Re1 Nd6 30. Rxe6 Nf5 31. g4 Ng7 32. Ra6 Rd8 33. Kf1 Ne8 34. Ke2 Nd6 35. Kd3 Be7 36. Ne5 Nb5 37. Nc6 Rd7 38. Kc4 Nd6+ 39. Kd5 Nc8+ 40. Ke5 Bd6+ 41. Ke6 Rc7 42. d5 Kg7 43.
Ra8 Bh2 44. f3 Bg3 45. Ra6 Bf4 46. h4 Bg3 47. h5 gxh5 48. gxh5 Bf4 49. Ra4 Bh2 50. f4 Rb7 51. f5 Nb6 52. f6+ Kf8 53. Rg4 Nc8 54. h6 Rc7 55. Rg7 Rxg7 56. hxg7+ Kg8 57. Ne7+ Nxe7 58. Kxe7 Be5 59. f7+ Kxg7 60. f8=Q+ Kg6 61. Qf7+ Kh6 62. Qe6+ Kg7 63. Qxe5+ Kg8 64. d6 h6 65. d7 Kh7 66. d8=Q Kg6 67. Qg8# 1-0

[Event "Early-Titled-Tuesday-Blitz-May-14-2024"]
[Site "Chess.com"]
[Date "2024.05.14"]
[Round "6"]
[White "flubs"]
[Black "ZeZacarias"]
[Result "1-0"]
[WhiteElo "2430"]
[BlackElo "2047"]
[TimeControl "180+1"]
[EndTime "9:09:57 PDT"]
[Termination "flubs won by checkmate"]

1. c4 e5 2. Nc3 d6 3. g3 Nc6 4.
Bg2 Be6 5. d3 Qd7 6. h4 g6 7.
Nf3 h6 8. Bd2 Bg7 9. Nd5 Nd8 10.
Qc1 c6 11. Nc3 Ne7 12. h5 g5 13. Rb1 f5 14. b4 f4 15. Ne4 O-O 16. b5 Rc8 17.
bxc6 Ndxc6 18. Qa3 Nf5 19. g4 Nfd4 20. Qxd6 Bxg4 21. Qxd7 Bxd7 22. Rxb7 Bg4 23. Nxd4 Nxd4 24. Bc3 f3 25. exf3 Nxf3+ 26. Bxf3 Bxf3 27. Rg1 Bxe4 28. dxe4 Rxc4 29. Rg3 Rxe4+ 30. Kf1 Ra4 31. Bb4 Rf4 32. a3 a5 33. Bd6 Rad4 34. Be7 e4 35. Rgb3 Rd2 36.
Bc5 Rd3 37. R3b5 e3 38. Ke2 Rd2+ 39. Kxe3 Rdxf2 40. Rd7 R2f3+ 41. Ke2 Rh3 42. Rb8+ Bf8 43. Rdd8 Rhf3 44. Bd6 Rf6 45. Bc5 R3f5 46. Be7 Re6+ 47.
Kd3 Rxe7 48. Ra8 Ref7 49. Rd6 R5f6 50. Rdd8 g4 51. Rd4 Rf3+ 52. Ke2 R3f4 53. Rd5 g3 54.
Rd6 g2 55. Rg6+ Kh8 56. Rxg2 Re4+ 57. Kd3 Re5 58. Rg6 Rxh5 59. Re6 Rff5 60. Rea6 Rf3+ 61.
Ke4 Rxa3 62. Rxf8+ Kg7 63. Rb8 Rh4+ 64. Ke5 Re3+ 65.
Kd5 Rg3 66. Rb7+ Kg8 67. Ra8# 1-0

[Event "Early-Titled-Tuesday-Blitz-May-14-2024"]
[Site "Chess.com"]
[Date "2024.05.14"]
[Round "6"]
[White "baki83"]
[Black "ReadySkate"]
[Result "0-1"]
[WhiteElo "2923"]
[BlackElo "2737"]
[TimeControl "180+1"]
[EndTime "9:10:00 PDT"]
[Termination "ReadySkate won on time"]

1. e4 c5 2. Nf3 d6 3. g3 Nf6 4. d3 e6 5. Bg2 Be7 6. O-O Rf8 7. Nc3 Nc6 8. d4 cxd4 9. Nxd4 Bd7 10. Be3 a6 11. h3 Rc8 12. Qe2 Ne5 13. Rad1 Nc4 14. Bc1 b5 15. b3 Nb6 16. Qd2 Qc7 17. Bb2 b4 18. Nce2 e5 19. Nf5 Bxf5 20. exf5 Qxc2 21. Bb7 Qxd2 22. Rxd2 Rc5 23. Bxa6 Ra5 24. Bb7 Kd7 25. Rc1 Rb8 26. Bc6+ Kd8 27. Ba1 Nfd5 28. Rcd1 Nf6 29. g4 Rc8 30. Bg2 Nfd7 31. Ng3 f6 32. f4 Ke8 33. fxe5 dxe5 34. Nh5 Bf8 35. Be4 Rac5 36. Bb2 Ra5 37. Ba1 Rac5 38. Kf1 Rc1 39. Ke2 Rxd1 40.
Rxd1 Nc5 41. Bg2 Rc7 42. Ng3 Ra7 43. Rd2 Nxb3 44. Bc6+ Ke7 45. axb3 Rxa1 46. Ne4 Rc1 47.
Bb5 Rc8 48. h4 Rd8 49. Rc2 Nd5 50. g5 h6 51. gxh6 gxh6 52. Kf3 h5 53. Ra2 Rc8 54. Ra6 Nc7 55. Rc6 Kd8 56. Bc4 Ne8 57. Ra6 Be7 58. Ng3 Nd6 59. Be6 Rc3+ 60. Kf2 e4 61. Nxh5 Nb5 62.
Ra8+ Kc7 63. Re8 Bc5+ 64. Kg2 e3 65. Nxf6 Nd6 66. Re7+ Kc6 67. Bd5+ Kb5 68. Bf3 Rc2+ 69. Kg3 Nxf5+ 70. Kg4 Nxe7 71. Nd7 e2 0-1

[Event "Early-Titled-Tuesday-Blitz-May-14-2024"]
[Site "Chess.com"]
[Date "2024.05.14"]
[Round "6"]
[White "DvaHrasta"]
[Black "C_K_G"]
[Result "1-0"]
[WhiteElo "2529"]
[BlackElo "2274"]
[TimeControl "180+1"]
[EndTime "9:10:01 PDT"]
[Termination "DvaHrasta won on time"]

1. c4 e5 2. g3 Bc5 3. Bg2 Nc6 4. Nc3 a6 5. Nf3 d6 6. O-O Nge7 7. e3 Ba7 8. d4 Bg4 9. d5 Nb8 10. h3 Bh5 11. e4 O-O 12. g4 Bg6 13. Be3 Bxe3 14. fxe3 Nd7 15. b4 f6 16. Nh4 Bf7 17. Nf5 Kh8 18. Rc1 g6 19. Ng3 Bg8 20. Rc2 c6 21.
Rcf2 a5 22. b5 a4 23. a3 Qb6 24. Re1 Qc5 25. Qa1 Qxc4 26. Rc1 cxb5 27. Bf1 Qc5 28. Nxb5 Qxe3 29. Rc3 Qb6 30. Kg2 Rac8 31. Rfc2 Rxc3 32. Rxc3 Nc5 33. Rf3 f5 34. gxf5 gxf5 35. Kh2 f4 36. Nh5 Nxe4 37. Qe1 Ng5 38. Rf2 Qe3 39. Qxe3 fxe3 40.
Rxf8 Nxd5 41. Nf6 Nxf6 42. Rxf6 d5 43. Nd6 d4 44. Rf5 h6 45. Rxe5 Bh7 46. Re8+ Kg7 47.
Re7+ Kg8 48. Ne8 Bf5 49. Nf6+ Kf8 50. Rxb7 d3 51. Bxd3 Bxd3 52. Nd7+ Ke8 53. Ne5 e2 54. Nxd3 Nf3+ 55. Kg3 e1=Q+ 56. Nxe1 Nxe1 57. Rb4 Nc2 58.
Rxa4 Kf7 59. Ra6 Kg7 60. a4 Nd4 61. a5 1-0

[Event "Early-Titled-Tuesday-Blitz-May-14-2024"]
[Site "Chess.com"]
[Date "2024.05.14"]
[Round "6"]
[White "HeroWilczek"]
[Black "Zhigalko_Sergei"]
[Result "0-1"]
[WhiteElo "2545"]
[BlackElo "2843"]
[TimeControl "180+1"]
[EndTime "9:10:03 PDT"]
[Termination "Zhigalko_Sergei won by checkmate"]

1. Nf3 d5 2. b3 Bf5 3. Bb2 e6 4. e3 Nf6 5. c4 c6 6. Be2 h6 7. O-O Nbd7 8. Ne5 Nxe5 9. Bxe5 Bh7 10. d3 Be7 11. Nd2 O-O 12. Nf3 a5 13. a3 Nd7 14. Bb2 Bd6 15. Qc2 Qe7 16. e4 dxe4 17. dxe4 Rfd8 18. Rfd1 e5 19. Ne1 Nc5 20. Bf3 Qf6 21.
b4 Ne6 22. c5 Bc7 23. Nd3 Ng5 24. Qe2 axb4 25. axb4 Rxa1 26. Bxa1 Qe6 27. Nxe5 Re8 28. Ng4 Nxf3+ 29. Qxf3 Bxe4 30. Qe2 h5 31. Ne3 Qg6 32. f3 Bf5 33. Qf2 Bh3 34. Nf1 Bf4 35. Kh1 Be6 36. Qd4 Bc7 37. Qh4 f6 38. Ng3 Bf7 39. Ne4 Bd5 40.
Nc3 Bf7 41. Ne4 Bd5 42. Nc3 Bb3 43. Rf1 Rd8 44. Ne4 Bc4 45. Re1 Bd5 46. Nxf6+ gxf6 47. Bxf6 Rd7 48. Be5 Bd8 49. Qf4 Bg5 50. Qd4 Re7 51.
Qc3 Bf6 52. Bxf6 Rxe1+ 53. Qxe1 Qxf6 54. Qe8+ Kg7 55. Qe1 h4 56. Kg1 Qg5 57. h3 Bxf3 58. Qa1+ Kh7 59. Qb1+ Kh6 60. Qb2 Bd5 61. Qh8+ Kg6 62.
Qe8+ Kg7 63. Qd7+ Kh8 64. Qe8+ Kh7 65. Qd7+ Kh6 66. Qd6+ Qg6 67. Qf4+ Kg7 68. Qxh4 Qxg2# 0-1

[Event "Early-Titled-Tuesday-Blitz-May-14-2024"]
[Site "Chess.com"]
[Date "2024.05.14"]
[Round "6"]
[White "Kostya0705"]
[Black "AnnaChessLook"]
[Result "0-1"]
[WhiteElo "2561"]
[BlackElo "2381"]
[TimeControl "180+1"]
[EndTime "9:10:04 PDT"]
[Termination "AnnaChessLook won by resignation"]

1. e4 c5 2. Nf3 Nc6 3. d4 cxd4 4. Nxd4 e5 5. Nb5 a6 6. Nd6+ Bxd6 7. Qxd6 Qe7 8. Qd1 Nf6 9. Nc3 d6 10. Bg5 Be6 11. Qd2 h6 12. Bxf6 Qxf6 13. O-O-O Rd8 14. Kb1 O-O 15. g3 Nd4 16. f4 Bg4 17. Rc1 Rfe8 18. h3 Bd7 19. Bc4 Be6 20. Bd5 b5 21. f5 Bxd5 22.
Nxd5 Qg5 23. Qf2 Rc8 24. g4 Rc4 25. Rhg1 Qd8 26. h4 Nc6 27. Rce1 Ne7 28. g5 h5 29.
Nxe7+ Qxe7 30. f6 Qe6 31. fxg7 Kxg7 32. Qf3 Qg6 33. Re2 Rec8 34. Kc1 Rd4 35. c3 Rdc4 36. Rf1 b4 37. Qf6+ Qxf6 38. gxf6+ Kf8 39. Rg2 Ke8 40.
Rg8+ Kd7 41. Rxc8 Rxc8 42. Kd2 bxc3+ 43. bxc3 Ke6 44. Rf5 Rg8 45. Rxh5 Rg2+ 46. Kd3 Kxf6 47. Rh6+ Ke7 48. a3 Ra2 49. Rh8 Rxa3 50. h5 Ra2 51. Kc4 Rh2 52. h6 Kf6 53. Kd5 Rd2+ 54. Kc4 a5 55. Rd8 Kg6 56. Rh8 a4 57. Kb4 Re2 58.
Kxa4 Rxe4+ 59. Kb5 Rh4 60. Rd8 Rxh6 61. Rxd6+ Kg5 62.
Rd8 f5 63. Re8 Kf4 64. c4 e4 65. c5 e3 66. c6 Rh7 67. Kb6 Kf3 68. c7 Rxc7 69.
Kxc7 f4 70. Kd6 e2 71. Kd5 Kf2 72. Kd4 f3 73. Kd3 e1=Q 74. Rxe1 Kxe1 0-1

[Event "Early-Titled-Tuesday-Blitz-May-14-2024"]
[Site "Chess.com"]
[Date "2024.05.14"]
[Round "6"]
[White "Lucky_Puncher"]
[Black "littlepinkyboy"]
[Result "0-1"]
[WhiteElo "2553"]
[BlackElo "2680"]
[TimeControl "180+1"]
[EndTime "9:10:08 PDT"]
[Termination "littlepinkyboy won by resignation"]

1. d4 d5 2. c4 c6 3. Nc3 Nf6 4.
Nf3 e6 5. Bg5 dxc4 6. a4 Bb4 7.
e3 Qa5 8. Bxf6 Bxc3+ 9. bxc3 Qxc3+ 10. Nd2 gxf6 11. Bxc4 Qa5 12. O-O Nd7 13. Ne4 f5 14. Ng5 Nf6 15. Nf3 O-O 16. Ne5 Qd8 17. Qf3 Ne4 18. Bd3 Nd6 19. Rab1 Qg5 20. g3 Kh8 21. h4 Qf6 22. Qh5 Kg7 23. Rfe1 Qh6 24. Qd1 f6 25. Nf3 Qg6 26. Nd2 Kh8 27. e4 fxe4 28. Bxe4 Nxe4 29. Nxe4 e5 30. dxe5 fxe5 31. Qd2 Bf5 32. Rb4 Rad8 33. Qc3 Qg7 34. Ng5 Rfe8 35. Rxe5 Rxe5 36. Qxe5 Qxe5 37.
Nf7+ Kg7 38. Nxe5 Rd1+ 39. Kh2 Bc8 40. Rf4 Be6 41. Rb4 Bc8 42. g4 c5 43. Rf4 Be6 44. g5 a6 45. Rf6 Bd5 46. Rd6 Rh1+ 47. Kg3 Rg1+ 48. Kf4 Rd1 49. Rd7+ Kg8 50. Ng4 Rd4+ 51.
Kf5 Be4+ 52. Ke6 Rxd7 53. Nf6+ Kg7 54. Kxd7 Bc6+ 55. Kd6 c4 56. Ng4 c3 57. Ne3 Bxa4 58.
f4 c2 59. f5 c1=Q 60. f6+ Kf8 61. Nd5 Qc6+ 62. Ke5 Qc5 0-1

[Event "Early-Titled-Tuesday-Blitz-May-14-2024"]
[Site "Chess.com"]
[Date "2024.05.14"]
[Round "6"]
[White "Siemba"]
[Black "Aemulus20"]
[Result "0-1"]
[WhiteElo "2493"]
[BlackElo "2649"]
[TimeControl "180+1"]
[EndTime "9:10:08 PDT"]
[Termination "Aemulus20 won on time"]

1. e4 c5 2. Nf3 g6 3. d4 cxd4 4. Nxd4 Bg7 5. c4 Nc6 6. Be3 Nf6 7. Nc3 d6 8. Be2 Nxd4 9. Bxd4 O-O 10. O-O a5 11. b3 Bd7 12. Qd2 Bc6 13. f3 Nd7 14.
Be3 Nc5 15. Rab1 e6 16. Rfd1 Be5 17. Bd4 Qh4 18. Bxe5 dxe5 19. a3 Rfd8 20. Qe3 Rxd1+ 21. Nxd1 Qe1+ 22. Bf1 Qxe3+ 23. Nxe3 Kf8 24. b4 axb4 25. axb4 Na4 26. Ng4 Rd8 27. Nxe5 Be8 28. Nd3 f5 29. e5 g5 30. Rc1 f4 31. Nf2 Bg6 32. c5 Rc8 33. Bc4 Ke7 34. Ng4 b6 35. Bb5 Nb2 36. c6 Nd3 37. Bxd3 Bxd3 38. Nf6 Bb5 39. c7 h6 40. Kf2 Ba4 41. g3 fxg3+ 42. Kxg3 Bb3 43. f4 gxf4+ 44. Kxf4 b5 45. Kg4 Bc4 46. Kh5 Rxc7 47. Kxh6 Rc8 48. Kg7 Ra8 49. Rg1 Ra2 50. h4 Rh2 51. h5 Re2 52. h6 Bd3 53.
Rg5 Bf5 54. h7 Bxh7 55. Nxh7 Re4 56. Nf6 Rxb4 57. Kg8 Rc4 58. Rg7+ Kd8 59. Rb7 b4 60.
Kf7 Kc8 61. Rb5 Kc7 62. Kxe6 Kc6 63. Rb8 Rh4 64. Kf7 Kc7 65. Rb5 Kc6 66. Ra5 b3 67. Ra1 Kc5 68. e6 Kc4 69. e7 Rh8 70. Rc1+ Kb4 71.
Nd5+ Ka3 0-1

[Event "Early-Titled-Tuesday-Blitz-May-14-2024"]
[Site "Chess.com"]
[Date "2024.05.14"]
[Round "6"]
[White "tjychess"]
[Black "kids2010"]
[Result "1-0"]
[WhiteElo "2950"]
[BlackElo "2781"]
[TimeControl "180+1"]
[EndTime "9:10:09 PDT"]
[Termination "tjychess won by checkmate"]

1. d4 d5 2. c4 e6 3. Nc3 c5 4.
cxd5 cxd4 5. Qa4+ Bd7 6. Qxd4 exd5 7. Qxd5 Nf6 8. Qd1 Bc5 9. Nf3 O-O 10. Bg5 h6 11.
Bh4 g5 12. Bg3 Nc6 13. e3 Bf5 14.
Be2 Qe7 15. O-O Rfd8 16. Qb3 a6 17. Rad1 b5 18. Rxd8+ Rxd8 19. Rd1 Rc8 20. a3 Na5 21. Qa2 Be6 22. Qb1 Nc4 23. Nd4 Bxd4 24. Rxd4 Nxa3 25. Qd1 Nc4 26. Bxc4 Bxc4 27. h4 b4 28. Na4 Bb5 29.
hxg5 hxg5 30. Nb6 Rc6 31. Nd5 Nxd5 32. Rxd5 Rc5 33. Rd8+ Kg7 34. Bd6 Qxd8 35. Be5+ Rxe5 36. Qxd8 f6 37. Qd6 Kf7 38. Qxb4 Re6 39. Qb3 Ke7 40. Qa3+ Kf7 41. f3 Re7 42. e4 Re6 43. Kf2 Re7 44. Qb3+ Kg7 45. Ke3 Rd7 46. Qc3 Re7 47. Qc5 Rd7 48.
b4 Rd3+ 49. Kf2 Rd7 50. e5 fxe5 51. Qxe5+ Kg6 52. Qe6+ Kg7 53. Kg3 Rf7 54. Qe5+ Kg6 55. Qd6+ Rf6 56. Qe7 Rf7 57. Qd6+ Rf6 58. Qb8 Rf7 59.
Qg8+ Kf6 60. Qd8+ Kg6 61. Kf2 Rf6 62. Qg8+ Kf5 63. g4+ Ke5 64. Qxg5+ Ke6 65. Kg3 Bc6 66. Qe3+ Kf7 67. f4 Rd6 68. f5 Bb5 69. Kf4 Rc6 70. Qa7+ Kg8 71. g5 Rc4+ 72. Ke5 Rc8 73. g6 Re8+ 74. Kf4 Rf8 75. Qh7# 1-0

[Event "Early-Titled-Tuesday-Blitz-May-14-2024"]
[Site "Chess.com"]
[Date "2024.05.14"]
[Round "6"]
[White "Korchmar_Vasiliy"]
[Black "Fh2411"]
[Result "1-0"]
[WhiteElo "2678"]
[BlackElo "2552"]
[TimeControl "180+1"]
[EndTime "9:10:09 PDT"]
[Termination "Korchmar_Vasiliy won by resignation"]

1. d4 d5 2. c4 c6 3. Nf3 Nf6 4. Qc2 g6 5. cxd5 cxd5 6. Nc3 Nc6 7. Bg5 Bg7 8. e3 O-O 9. Bb5 Na5 10. O-O Bf5 11.
Bd3 Bxd3 12. Qxd3 Rc8 13. Rfc1 e6 14. Ne5 h6 15. Bh4 Nc4 16. b3 Nd6 17. Na4 Qe7 18. Nc5 g5 19. Bg3 Nfe4 20. Nxe4 Nxe4 21. Rc2 Nxg3 22. hxg3 Rc7 23. Rac1 Rfc8 24. Nf3 Qd6 25. g4 Rc6 26. Nd2 Bf8 27. Nf1 Rxc2 28. Rxc2 Rxc2 29. Qxc2 Qc6 30. Qxc6 bxc6 31. Nd2 c5 32.
dxc5 Bxc5 33. Kf1 Kf8 34. Ke2 Ke7 35. Kd3 Kd6 36. f3 Bb4 37. Nb1 Kc5 38. a3 Be1 39. Ke2 Bg3 40. Nc3 Be5 41. Kd3 a5 42. Na2 Bb2 43.
a4 Be5 44. Kc2 Bf6 45. Nc1 e5 46. Nd3+ Kd6 47. e4 Bd8 48. Kc3 Bb6 49. b4 Bd4+ 50.
Kb3 axb4 51. Kxb4 dxe4 52. fxe4 Kc6 53. Nc1 f6 54. Ne2 Be3 55. Ng3 Bd2+ 56. Kc4 Kb6 57. Nf5 Bf4 58. Nxh6 Bd2 59. Ng8 Ka5 60. Kb3 Bf4 61.
Nxf6 Bd2 62. Nd7 Bf4 63. Nc5 Bg3 64. Nd3 Bh2 65. Nb2 Bf4 66. Nc4+ Ka6 67. Kb4 Bg3 68. Kc5 Bf4 69. Kd5 1-0

[Event "Early-Titled-Tuesday-Blitz-May-14-2024"]
[Site "Chess.com"]
[Date "2024.05.14"]
[Round "6"]
[White "Rodalquilar"]
[Black "KnightDuta"]
[Result "1/2-1/2"]
[WhiteElo "2875"]
[BlackElo "2741"]
[TimeControl "180+1"]
[EndTime "9:10:11 PDT"]
[Termination "Game drawn by stalemate"]

1. d4 Nf6 2. Nf3 g6 3. Bf4 Bg7 4. e3 O-O 5. Be2 d5 6. O-O c5 7. c3 Nc6 8. h3 Nd7 9. Nbd2 e5 10. dxe5 Ndxe5 11. Nxe5 Nxe5 12. Nf3 Nc6 13. Qb3 Na5 14. Qa3 Qb6 15. Rfd1 Be6 16. Ng5 Rad8 17. Nxe6 fxe6 18. Rac1 Nc6 19. Qb3 Qxb3 20. axb3 Kf7 21. Bb5 Rc8 22. Ra1 a6 23. Be2 Ne7 24. Ra5 Rc6 25. Bf3 Rfc8 26. c4 Rb6 27. cxd5 exd5 28. Bxd5+ Nxd5 29. Rxd5 Rxb3 30.
Raxc5 Rxc5 31. Rxc5 Bxb2 32. Rc7+ Kg8 33. e4 a5 34. e5 a4 35. e6 Bf6 36. g3 h5 37.
Rc8+ Kh7 38. e7 Bxe7 39. Rc7 Rb1+ 40. Kg2 Re1 41. Bd6 b5 42. Bxe7 Kg8 43. Rb7 Rb1 44.
h4 Rb3 45. Bf6 a3 46. f3 b4 47. g4 Rb1 48. gxh5 gxh5 49. Ra7 Rc1 50. Kg3 Rc6 51. Be7 Rb6 52. Kf4 Rb5 53. Bd6 b3 54. Bxa3 b2 55.
Bxb2 Rxb2 56. Kg5 Rb5+ 57. Kg6 Kf8 58. f4 Rc5 59. f5 Rc4 60. f6 Rg4+ 61. Kxh5 Rg1 62. Kh6 Rg2 63. h5 Kg8 64. Rg7+ Kh8 65. f7 Rg6+ 66. Kxg6 1/2-1/2

[Event "Early-Titled-Tuesday-Blitz-May-14-2024"]
[Site "Chess.com"]
[Date "2024.05.14"]
[Round "6"]
[White "RuperezA"]
[Black "Eagle_2019"]
[Result "0-1"]
[WhiteElo "2674"]
[BlackElo "2866"]
[TimeControl "180+1"]
[EndTime "9:10:13 PDT"]
[Termination "Eagle_2019 won by resignation"]

1. e4 c6 2. Nc3 d5 3. Nf3 dxe4 4.
Nxe4 Nf6 5. Qe2 Nxe4 6. Qxe4 Be6 7. b3 Nd7 8. Bb2 Nf6 9. Qh4 Bf5 10. O-O-O e6 11. Ne5 Be7 12. f3 Qa5 13. Kb1 Ng4 14. Qg3 Nxe5 15. Qxe5 Qxe5 16. Bxe5 f6 17. Bc3 O-O-O 18.
a4 e5 19. Bc4 Bc5 20. Rhe1 h5 21. Kb2 Bd4 22. Bxd4 Rxd4 23. c3 Rd7 24. d3 h4 25.
Rd2 Kc7 26. d4 exd4 27. cxd4 Rhd8 28. Kc3 a5 29. Re3 g5 30. g4 hxg3 31. hxg3 Rd6 32. g4 Bd7 33. Re7 Rf8 34. Rh2 f5 35. Rhh7 fxg4 36.
Be6 Rxf3+ 37. Kb2 g3 38. Bxd7 Rf2+ 39. Ka3 Rxd4 40. Bh3+ Kd6 41. Rxb7 g2 42. Bxg2 Rxg2 43. Rbd7+ Kc5 44. Rxd4 Kxd4 45. Ra7 g4 46. Rxa5 g3 47.
Rg5 Kc3 48. a5 Rg1 49. Ka2 Kb4 50. a6 Rg2+ 51. Kb1 Kxb3 52. Kc1 Rg1+ 53. Kd2 g2 54. a7 Ra1 55. Rxg2 Rxa7 56. Rg3+ Kb2 57. Rd3 c5 58.
Rd8 Rb7 59. Kd3 Kb3 60. Kd2 Kb2 61. Kd3 Rb4 62. Rc8 Rd4+ 63. Ke3 Rc4 64. Kd3 Kb3 65. Ke3 Rc2 66. Rb8+ Kc3 67. Rb6 Rh2 68. Rb8 c4 69. Rb7 Rh8 70. Re7 Kc2 71. Kd4 c3 72. Re2+ Kb3 73. Kd3 Rd8+ 74. Ke3 Re8+ 75. Kf2 Rxe2+ 76.
Kxe2 c2 0-1

[Event "Early-Titled-Tuesday-Blitz-May-14-2024"]
[Site "Chess.com"]
[Date "2024.05.14"]
[Round "6"]
[White "klercaku"]
[Black "secrethawk1"]
[Result "0-1"]
[WhiteElo "2248"]
[BlackElo "2438"]
[TimeControl "180+1"]
[EndTime "9:10:18 PDT"]
[Termination "secrethawk1 won on time"]

1. e4 c6 2. d4 d5 3. exd5 cxd5 4. Bd3 Nc6 5. c3 Nf6 6. h3 g6 7.
Ne2 Bg7 8. O-O O-O 9. Bf4 Bf5 10. Bxf5 gxf5 11. Ng3 e6 12. Re1 Ne4 13. Nh5 Qh4 14.
Qf3 Ng5 15. Bxg5 Qxg5 16. Nxg7 Qxg7 17. Na3 a6 18. Nc2 b5 19. a4 b4 20. cxb4 Nxd4 21. Nxd4 Qxd4 22. Rad1 Qxb2 23. b5 axb5 24. axb5 Rab8 25.
Rb1 Qd4 26. b6 Rb7 27. Re3 Rfb8 28. Reb3 Rxb6 29. Qg3+ Kh8 30. Rxb6 Rxb6 31. Rxb6 Qxb6 32. Qe5+ Kg8 33. Qg3+ Kf8 34. Qa3+ Ke8 35. Qa8+ Qd8 36. Qa4+ Kf8 37. Qb4+ Qe7 38. Qb8+ Kg7 39. Qg3+ Kh6 40.
Qf4+ Qg5 41. Qe5 Qg7 42. Qf4+ Kg6 43. h4 h6 44. Qg3+ Kh7 45. Qd3 Qf6 46. g3 Qa1+ 47. Kh2 Qe5 48. Qd2 Qe4 49. Kg1 Qb1+ 50. Kg2 Qe4+ 51.
Kh2 Qf3 52. Qb2 Kg6 53. Kg1 Qd1+ 54. Kg2 d4 55. Qb6 Qd3 56. Qd8 Qe4+ 57. Kh2 d3 58.
Qg8+ Kf6 59. Qd8+ Ke5 60. Qh8+ Kd5 61. Qa8+ Kd4 62. Qa4+ Kd5 63. Qa5+ Kc4 64. Qa6+ Kc5 65. Qa3+ Kd5 66. Qa5+ Kd6 67. Qb6+ Ke7 68. Qc7+ Kf6 69.
Qd8+ Kg7 70. Qe7 Qe5 71. Qa3 d2 72. Qa1 Qxa1 0-1

[Event "Early-Titled-Tuesday-Blitz-May-14-2024"]
[Site "Chess.com"]
[Date "2024.05.14"]
[Round "6"]
[White "vladgoncharov"]
[Black "juancruzarias"]
[Result "1/2-1/2"]
[WhiteElo "2570"]
[BlackElo "2691"]
[TimeControl "180+1"]
[EndTime "9:10:23 PDT"]
[Termination "Game drawn - insufficient material"]

1. d4 Nf6 2. c4 e6 3. Nc3 d5 4. Bg5 dxc4 5. e3 c5 6. Bxc4 cxd4 7. exd4 Nc6 8. Nf3 Be7 9. O-O O-O 10. Qd2 Qa5 11. Rfe1 Rd8 12. Rad1 h6 13. Bh4 Bd7 14. a3 Be8 15. Qe2 Nh5 16. Bxe7 Nxe7 17. Ne5 Nf6 18. Qf3 Bc6 19. Qh3 Bd5 20. Bd3 Rac8 21. Bb1 Qb6 22. Rd2 Nc6 23. Nxd5 exd5 24. Red1 Nxd4 25. Ng4 Nxg4 26. Qxg4 Ne6 27. h4 Rc4 28. Qg3 Qc7 29. Qxc7 Rxc7 30. Ba2 Rcd7 31. Rxd5 Rxd5 32. Rxd5 Rxd5 33. Bxd5 Nd8 34. b4 Kf8 35. f4 Ke7 36. Kf2 Kd6 37. Be4 b6 38. Ke3 Ne6 39. Bd3 Nc7 40.
Bc4 f6 41. Ke4 Ne8 42. g4 a5 43. g5 axb4 44. axb4 hxg5 45. hxg5 fxg5 46. fxg5 Nc7 47. Kf5 Ke7 48. Kg6 Kf8 49. Kf5 Ke7 50. Ke5 Kd7 51.
b5 Ke7 52. Bd3 Ne8 53. Kd5 Kd7 54. Bf5+ Ke7 55. Kc6 Nd6 56. Bd3 Nf7 57. Kxb6 Nxg5 58. Kc7 Nf7 59. b6 Nd6 60. Be2 g5 61. Kc6 Ke6 62.
Bg4+ Ke5 63. Bh3 Nc4 64. b7 Na5+ 65. Kc7 Nxb7 66. Kxb7 Kf4 67. Bc8 Ke5 68. Kc6 Kf6 69. Kc5 Ke5 70. Kc4 Ke4 71. Kc3 g4 72. Kd2 g3 73.
Ke1 Kf3 74. Kf1 g2+ 75. Kg1 Kg3 76. Bb7 Kh3 77. Bxg2+ 1/2-1/2

[Event "Early-Titled-Tuesday-Blitz-May-14-2024"]
[Site "Chess.com"]
[Date "2024.05.14"]
[Round "6"]
[White "Aswathchess"]
[Black "artin10862"]
[Result "1-0"]
[WhiteElo "2668"]
[BlackElo "2851"]
[TimeControl "180+1"]
[EndTime "9:10:25 PDT"]
[Termination "Aswathchess won on time"]

1. c4 e5 2. g3 Nf6 3. Bg2 c6 4. Nf3 e4 5. Nd4 d5 6. cxd5 Qxd5 7. e3 Bc5 8. Nc3 Qe5 9. f4 exf3 10. Nxf3 Qe7 11.
d4 Bd6 12. O-O O-O 13. Qc2 Re8 14. e4 Nxe4 15. Re1 Bf5 16. Nh4 Nf6 17. Rxe7 Bxc2 18. Rxb7 Rc8 19. Bg5 Nbd7 20. Rc1 Bd3 21. Bh3 Rc7 22.
Rxc7 Bxc7 23. Nf5 h6 24. Ne7+ Kf8 25. Bxf6 Nxf6 26. Nxc6 Re8 27. Nxa7 Bb6 28. Nc6 g5 29. a4 g4 30. Bf1 Bxf1 31. Kxf1 Rc8 32. Ne2 Nd5 33.
a5 Bc7 34. b4 Ke8 35. b5 Kd7 36. b6 Bd6 37. Ne5+ Bxe5 38. Rxc8 Kxc8 39. dxe5 Ne3+ 40. Kf2 Nc4 41. Nd4 Nxa5 42. Nf5 h5 43.
Nd6+ Kd7 44. Ke3 Ke6 45. Kf4 f6 46. exf6 Kxf6 47. b7 Nc6 48. Nf5 Nb8 49. Ke4 Nd7 50. Nd4 Nc5+ 51. Kd5 Nxb7 52. Ne6 Na5 53. Nc5 Kf5 54.
Ne6 Nb3 55. Ng7+ Kg6 56. Ne6 Nd2 57. Nd4 Nf3 58. h4 Nh2 59. Ke4 Nf1 60. Kf4 Nd2 61.
Nc6 Nc4 62. Ne5+ Nxe5 63. Kxe5 Kg7 64. Kf5 Kh6 65. Kf6 1-0